 Dungeon Crawl Stone Soup version 0.28-a0-413-gde365fb1df (webtiles) character file.

Game seed: 1748984237390141594

1022 Zenkrye the Ruffian (level 8, 0/59 HPs)
             Began as a Djinni Fighter on Sept 7, 2021.
             Slain by a wyvern (10 damage)
             ... on level 6 of the Dungeon.
             The game lasted 00:13:11 (5447 turns).

Zenkrye the Ruffian (Djinni Fighter)                Turns: 5447, Time: 00:13:12

Health: 0/59       AC: 15    Str: 16    XL:     8   Next: 46%
Gold:   294        EV:  9    Int: 10    God:
                   SH:  5    Dex: 14

rFire   + + .      SeeInvis .     - Unarmed
rCold   x . .      Faith    .   b - +0 buckler
rNeg    . . .      Spirit   .   a - +0 scale mail
rPois   ∞          Reflect  .   (no helmet)
rElec   .          Harm     .   (no cloak)
rCorr   .          Rampage  .   (no gloves)
Will    .....                   (boots unavailable)
Stlth   ..........              (no amulet)
HPRegen 0.19/turn               p - +4 ring of protection
MPRegen 0.00/turn               P - +4 ring of protection

@: mighty, flying
A: sickness immunity, fire resistance 2, cold vulnerability 1, float, innate
caster, hp casting, extra vitality 1
a: no special abilities


You were on level 6 of the Dungeon.
You visited 1 branch of the dungeon, and saw 6 of its levels.

You collected 294 gold pieces.

Inventory:

Missiles
 d - 220 stones (quivered)
 k - 8 javelins
 q - 3 throwing nets {!f}
Armour
 a - a +0 scale mail (worn)
 b - a +0 buckler (worn)
 r - a +0 kite shield
Magical Staves
 j - a staff of conjuration
Jewellery
 f - a ring of willpower
 g - a +6 ring of strength
 p - a +4 ring of protection (left hand)
 t - a +6 ring of intelligence
 u - a ring of see invisible
 P - a +4 ring of protection (right hand)
Scrolls
 e - a scroll of brand weapon
 l - a scroll of vulnerability {unknown}
 v - a scroll of fog {unknown}
 w - 3 scrolls of enchant armour {unknown}
Potions
 h - a potion of resistance {unknown}
 i - 2 potions of haste {unknown}
 n - a potion of cancellation
 o - a potion of brilliance {unknown}
 s - 3 potions of lignification


   Skills:
 + Level 5.2 Fighting
 - Level 4.0 Armour
 - Level 4.0 Shields
 * Level 6.3 Unarmed Combat
 + Level 2.8 Spellcasting


You had 7 spell levels left.
You knew the following spells:

 Your Spells              Type           Power      Damage    Failure   Level
a - Beastly Appendage     Tmut           14%        N/A       30%         1
b - Corpse Rot            Necr/Air       N/A        N/A       41%         2
e - Ensorcelled Hibernat  Hex/Ice        14%        N/A       41%         2
Your spell library was empty.

Dungeon Overview and Level Annotations

Branches:
Dungeon (6/15)
 Temple: D:4-7

Altars:
Kikubaaqudgha
Wu Jian

Shops:
D:3 *


Innate Abilities, Weirdness & Mutations

You are immune to sickness and miasma.
You are immune to poison.
Your flesh is very heat resistant. (rF++)
You are vulnerable to cold. (rC-)
You float through the air rather than walking.
You learn spells naturally, not from books.
Your magical power is your life essence.
You have superior vitality. (+4 HP)


Message History

The hound bites you but does no damage.
Your scale mail prevents you from hitting the hound.
The hound is lightly wounded.
The hound bites you but does no damage. The orc hits you but does no damage.
The wyvern bites you.
You punch the hound!
The hound is heavily wounded.
The hound barely misses you.
The orc priest calls down the wrath of Beogh upon you.
Beogh smites you! The orc closely misses you. The wyvern bites you!
You are too injured to fight recklessly!
You are too injured to fight recklessly!
The hound bites you.
There is an open door here.
You are too injured to fight recklessly!
You barely miss the hound.
The hound is heavily wounded.
The hound bites you but does no damage.
You miss the hound.
The hound is heavily wounded.
The hound bites you.
* * * LOW HITPOINT WARNING * * *
The hound closely misses you.
You feel better. The hound closely misses you.
You hit the hound.
The hound is almost dead.
The hound closely misses you. x2
You punch the hound!
You kill the hound!
You hit the wyvern but do no damage.
The wyvern bites you but does no damage.
You punch the wyvern!
The wyvern is moderately wounded.
The wyvern bites you but does no damage.
The wyvern bites you!
* * * LOW HITPOINT WARNING * * *
Your scale mail prevents you from hitting the wyvern.
The wyvern is moderately wounded.
The wyvern bites you!
You die...

..# ###########......
..####+##...##...#......# #
.............#...#......# ..
.............#...#......#...
.............#...#......'..
.............'...#......####
.............#...#..........
.............#...lo((..(.(..
............####@#o.......(.
..##........##...#..........
####........#....#..........
#.........#....#.....#####
#....#######...#.......
#....# #...#........ ######
#####.......#


You could see a wyvern and an orc priest.

Vanquished Creatures
  A water moccasin (D:6)
  A hornet zombie (D:6)
  A sky beast (D:4)
  An orc warrior (D:6)
  A centaur (D:6)
  2 scorpions
  A water moccasin zombie (D:5)
  A water moccasin skeleton (D:5)
  3 hounds
  2 centaur skeletons
  An iguana (D:5)
  Natasha (thrice) (D:3)
  2 adders
  2 worms (D:2)
  A dart slug (D:5)
  2 orcs
  9 endoplasms
  A giant cockroach (D:3)
  4 hobgoblins
  5 jackals (D:2)
  9 kobolds
  2 quokkas (D:1)
  3 ball pythons
  4 bats
  2 frilled lizards
  6 goblins
  4 rats
74 creatures vanquished.

Notes
Turn   | Place    | Note
-------+----------+-------------------------------------------
     0 | D:1      | Zenkrye the Djinni Fighter began the quest for the Orb.
     0 | D:1      | Reached XP level 1. HP: 20/20 MP: 0/0
   186 | D:1      | Reached XP level 2. HP: 25/25 MP: 0/0
   977 | D:2      | Reached XP level 3. HP: 9/30 MP: 0/0
   977 | D:2      | Learned a level 1 spell: Beastly Appendage
  1584 | D:2      | Found a faded altar of an unknown god.
  2210 | D:2      | Reached XP level 4. HP: 31/35 MP: 0/0
  2413 | D:3      | Found Qarghit's Assorted Antiques.
  2811 | D:3      | Noticed Natasha
  2829 | D:3      | Killed Natasha
  2830 | D:3      | Reached skill level 3 in Unarmed Combat
  2948 | D:3      | Reached XP level 5. HP: 40/40 MP: 0/0
  2948 | D:3      | Learned a level 2 spell: Ensorcelled Hibernation
  3110 | D:3      | Noticed Natasha
  3133 | D:3      | Killed Natasha
  3218 | D:3      | Noticed Natasha
  3439 | D:3      | Reached skill level 1 in Spellcasting
  3439 | D:3      | Reached XP level 6. HP: 18/47 MP: 0/0
  3578 | D:3      | Killed Natasha
  3780 | D:4      | Noticed a sky beast
  3834 | D:4      | Killed a sky beast
  3835 | D:4      | Reached skill level 4 in Unarmed Combat
  3965 | D:4      | Found an ornate altar of the Wu Jian Council.
  4021 | D:4      | Identified the +8 falchion of Ygeylokana {freeze, rElec
                  | Will++ Str-5 Int+2}
  4254 | D:5      | Entered Level 5 of the Dungeon
  4261 | D:5      | Reached XP level 7. HP: 49/52 MP: 0/0
  4261 | D:5      | Learned a level 2 spell: Corpse Rot
  4786 | D:5      | Reached skill level 5 in Unarmed Combat
  5317 | D:6      | Noticed a water moccasin
  5322 | D:6      | Killed a water moccasin
  5323 | D:6      | Reached XP level 8. HP: 58/58 MP: 0/0
  5374 | D:6      | Reached skill level 5 in Fighting
  5374 | D:6      | Reached skill level 6 in Unarmed Combat
  5432 | D:6      | Noticed a wyvern
  5447 | D:6      | Slain by a wyvern

Illustrated notes

Levels and vault maps discovered:
D:1:      eino_arrival_water_cross, layout_basic
D:2:      layout_loops_ring, ebering_ecumenical_altar_mist
D:3:      layout_loops_ring, serial_shops, shop, uniq_natasha
D:4:      layout_cave_pools, nzn_wu_jian_council_hall
D:5:      layout_basic, mainiacjoe_overflow_24_doors,
          mainiacjoe_overflow_small_starburst, minmay_temple_entry_proselytizer,
          uniq_pikel, uniq_eustachio
D:6:      layout_gridville, st_stairs_2, minmay_misc_feat_five,
          due_unseen_surprise

Skill      XL: |  1  2  3  4  5  6  7  8 |
---------------+-------------------------+-----
Unarmed Combat | 3 4 5 6 |  6.3
Spellcasting   | 1 2 |  2.8
Fighting       | 4 5 |  5.2
Armour         | 4 |  4.0
Shields        | 4 |  4.0

Action                   |  1- 3 |  4- 6 |  7- 9 || total
-------------------------+-------+-------+-------++-------
Melee: Unarmed           |   171 |   146 |   120 ||   437
       Headbutt          |     2 |       |       ||     2
Throw: Stone             |    24 |     4 |     9 ||    37
 Cast: Beastly Appendage |     2 |       |       ||     2
       Ensorcelled Hiber |       |       |     1 ||     1
  Use: Scroll            |       |     4 |     1 ||     5
       Potion            |       |       |     3 ||     3
Armor: Scale mail        |    50 |    79 |    63 ||   192
Dodge: Dodged            |    52 |    52 |    44 ||   148
Block: Buckler           |    22 |    30 |    25 ||    77

Table legend: (Time is in decaauts)
 A = Elapsed time spent in this place.
 B = Non-inter-level travel time spent in this place.
 C = Inter-level travel time spent in this place.
 D = Time resting spent in this place.
 E = Time spent auto-exploring this place.
 F = Levels seen in this place.
 G = Mean time per level.
                   A        B        C        D        E       F      G
               +--------+--------+--------+--------+--------+-----+--------+
         Total |   5438 |   5331 |    107 |    806 |   3539 |   6 |  906.3 |
       Dungeon |   5438 |   5331 |    107 |    806 |   3539 |   6 |  906.3 |
               +--------+--------+--------+--------+--------+-----+--------+

Top non-repeatable levels by time:
     D:2: 1285 daAuts
     D:3: 1267 daAuts
     D:1: 1052 daAuts
     D:5: 807 daAuts
     D:4: 648 daAuts
     D:6: 376 daAuts
